 Dungeon Crawl Stone Soup version 0.28.0-53-g5a82cb258f (webtiles) character file.

Game seed: 17058324987188914544

91 Ashen the Chopper (level 4, 0/40 (41) HPs)
             Began as a Hill Orc Monk on Aug 18, 2022.
             Slain by Robin
             ... wielding a +2 vorpal mace
              (3 damage)
             ... on level 2 of the Dungeon.
             The game lasted 00:03:57 (2317 turns).

Ashen the Chopper (Hill Orc Monk)                   Turns: 2317, Time: 00:03:57

HP:   0/40 (41)     AC:  7    Str: 13    XL:     4   Next: 57%
MP:   4/4           EV: 11    Int: 10    God:
Gold: 75            SH:  0    Dex: 15    Spells: 3/3 levels left

rFire   . . .      SeeInvis .   a - +0 hand axe
rCold   . . .      Faith    .   (no shield)
rNeg    . . .      Spirit   .   l - +0 ring mail
rPois   .          Reflect  .   (no helmet)
rElec   .          Harm     .   (no cloak)
rCorr   .          Rampage  .   b - +1 pair of gloves
Will    .....                   (no boots)
Stlth   +.........              (no amulet)
HPRegen 0.13/turn               (no ring)
MPRegen 0.09/turn               (no ring)

@: lightly drained
A: no striking features
a: no special abilities


You were on level 2 of the Dungeon.
You visited 1 branch of the dungeon, and saw 2 of its levels.

You collected 75 gold pieces.

Inventory:

Hand Weapons
 a - a +0 hand axe (weapon)
Armour
 b - a +1 pair of gloves (worn)
 k - a +0 pair of gloves
 l - a +0 ring mail (worn)
Scrolls
 c - 3 scrolls of immolation {unknown}
 d - a scroll of summoning {unknown}
 i - 2 scrolls of identify {unknown}
 n - a scroll of holy word {unknown}
Potions
 e - 2 potions of lignification {unknown}
 f - a potion of degeneration {unknown}
 g - 2 potions of curing {unknown}
 h - a potion of mutation {unknown}
 j - a potion of haste {unknown}
 m - a potion of might {unknown}


   Skills:
 + Level 4.3 Fighting
 + Level 4.7 Axes
 + Level 1.7 Armour
 + Level 2.8 Dodging
 + Level 2.3 Stealth


You had 3 spell levels left.
You didn't know any spells.
Your spell library was empty.

Dungeon Overview and Level Annotations

Branches:
Dungeon (2/15)

Altars:

Shops:
D:1 =

Annotations:
D:2 Robin


Message History

You miss the goblin. Robin hits you with a +2 vorpal mace.
* * * LOW HITPOINT WARNING * * *
The goblin closely misses you.
You barely miss Robin.
Robin is moderately wounded.
You hit the goblin. Robin throws the goblin at you!
The goblin hits you but does no damage.
You hit Robin but do no damage.
Robin is moderately wounded.
You hit the goblin.
You kill the goblin!
Robin barely misses you.
You closely miss Robin.
Robin is moderately wounded.
Robin barely misses you.
You hit Robin but do no damage.
Robin is moderately wounded.
Robin closely misses you. Robin hits you but does no damage.
You closely miss Robin.
Robin is moderately wounded.
Robin closely misses you.
You closely miss Robin.
Robin is moderately wounded.
Robin says, "A pitiful Hill Orc like you will never find the ORB!"
Robin closely misses you.
You closely miss Robin.
Robin is moderately wounded.
Robin hits you with a +2 vorpal mace.
* * * LOW HITPOINT WARNING * * *
x2 You hit Robin.
Robin is severely wounded.
Robin hits you with a +2 vorpal mace.
* * * LOW HITPOINT WARNING * * *
x2 You barely miss Robin.
Robin is severely wounded.
Robin misses you.
You closely miss Robin.
Robin is severely wounded.
Robin hits you with a +2 vorpal mace.
You die...

#†.# #..##.#.....†#.#
##.##
##.###.#.......♣.
#...#+# #..#
#.#..#####.#
###...####.## #....#
#... #.###...#..#
#.#..# ###.#
#...###...#####.#..#
#..♣.
#..)###.#........#
#.#.#
#)†.#)##.......###....
###))@##......###..#.#
##g##.......#.....♣.
#..#...#.#..#.#....#
#.##....)#.>#.#.....
.. #.#...#....#.....
#.# #.#......#.#.....
.. ....#.#..........
..# .....#..#.##.###
##. ###.#.....(...#


You could see Robin.

Vanquished Creatures
  3 adders (D:2)
  3 worms
  5 ball pythons (D:1)
  2 bats
  2 endoplasms
  2 giant cockroaches (D:1)
  12 goblins
  6 hobgoblins
  4 jackals (D:2)
  2 quokkas
  A frilled lizard (D:2)
  4 kobolds
  3 rats
49 creatures vanquished.

Vanquished Creatures (others)
  2 plants (D:2)
2 creatures vanquished.

Grand Total: 51 creatures vanquished

Notes
Turn   | Place    | Note
-------+----------+-------------------------------------------
     0 | D:1      | Ashen the Hill Orc Monk began the quest for the Orb.
     0 | D:1      | Reached XP level 1. HP: 19/19 MP: 1/1
   249 | D:1      | Found Xeant's Jewellery Shop.
   364 | D:1      | Reached XP level 2. HP: 27/27 MP: 2/2
   885 | D:1      | Reached skill level 1 in Armour
   961 | D:1      | Reached XP level 3. HP: 33/33 MP: 3/3
  2038 | D:2      | Reached XP level 4. HP: 32/40 MP: 4/4
  2286 | D:2      | Noticed Robin
  2315 | D:2      | HP: 2/40 [Robin/+2 vorpal mace (1)]
  2317 | D:2      | Slain by Robin

Illustrated notes

Levels and vault maps discovered:
D:1:      lightli_molten_gateway, layout_loops_ring, serial_shops, shop,
          nicolae_wormholes
D:2:      minmay_skewed_foursquare, layout_basic, chequers_big_river,
          kennysheep_crisscross, dk_noncrumbling_3, uniq_robin,
          uniq_crazy_yiuf_cottage

Skill      XL: |  1  2  3 |
---------------+----------+-----
Armour         | 1 |  1.7
Fighting       | 4 |  4.3
Stealth        | 2 |  2.3
Axes           | |  4.7
Dodging        | |  2.8

Action                   |  1- 3 |  4- 6 || total
-------------------------+-------+-------++-------
Melee: Hand axe          |   145 |    49 ||   194
       Punch             |     3 |     1 ||     4
 Stab: Sleeping          |     5 |     2 ||     7
Armor: Robe              |     9 |       ||     9
       Ring mail         |    34 |    17 ||    51
Dodge: Dodged            |    90 |    31 ||   121
